TOP OF THE 1ST |
Hartford Yard Goats batting - Pitching for Hagerstown Suns : RHP Tim Schultz
|
Pitching: RHP Tim Schultz
|
|
Batting: SHB Bobby Santor
|
0-0: Called Strike 0-1: Foul Ball, location: 2F 0-2: Ball 1-2: Strikes out swinging
|
Batting: LHB Luke Coulter
|
0-0: Ball 1-0: Ball 2-0: Fly out, F9 (Flyball, 9LS, EV 91.9 MPH)
|
Batting: LHB Barnabé Metrass
|
0-0: Called Strike 0-1: Ball 1-1: Called Strike 1-2: Foul Ball, location: 2F 1-2: Foul Ball, location: 2F 1-2: Fly out, F7 (Flyball, 7D, EV 100.6 MPH)
|
Top of the 1st over - 0 runs, 0 hits, 0 errors, 0 left on base; Hartford 0 - Hagerstown 0 |
BOTTOM OF THE 1ST |
Hagerstown Suns batting - Pitching for Hartford Yard Goats : RHP Andrew Ferrell
|
Pitching: RHP Andrew Ferrell
|
|
Batting: RHB Bobby Bricker
|
0-0: Ball 1-0: Ball 2-0: Ball 3-0: Base on Balls
|
Batting: RHB Leo Gutierrez
|
0-0: Ball 1-0: Grounds into double play, 6-4-3 (Groundball, 6, EV 102.5 MPH)
|
Batting: RHB Jesus Malave
|
0-0: SINGLE (Line Drive, 89S, EV 98.8 MPH)
|
Batting: RHB Bryan Wheeler
|
0-0: Ball Jesus Malave is caught stealing 2nd base 2-4
|
Bottom of the 1st over - 0 runs, 1 hit, 0 errors, 0 left on base; Hartford 0 - Hagerstown 0 |
TOP OF THE 2ND |
Hartford Yard Goats batting - Pitching for Hagerstown Suns : RHP Tim Schultz
|
Batting: RHB Dave Cordero
|
0-0: Ball 1-0: Ball 2-0: Called Strike 2-1: Ball 3-1: Foul Ball, location: 2F 3-2: Base on Balls
|
Batting: LHB Tomoya Hashimoto
|
0-0: Ball Dave Cordero steals 2nd base 1-0: Ball 2-0: Foul Ball, location: 2F 2-1: Ball 3-1: Called Strike 3-2: Foul Ball, location: 2F 3-2: Ground out U3 (Groundball, 34, EV 101.2 MPH) Dave Cordero to third
|
Batting: RHB Seth Daniel
|
0-0: Called Strike 0-1: Foul Ball, location: 2F 0-2: Foul Ball, location: 2F 0-2: Reached via error on a dropped throw from 1B, E1 (Groundball, 34, EV 106.9 MPH) Dave Cordero scores
|
Batting: RHB Salvador Avina
|
0-0: Called Strike 0-1: Foul Ball, location: 2F 0-2: Strikes out swinging
|
Batting: LHB Seung-jun Chang
|
0-0: Ball 1-0: Called Strike 1-1: Foul Ball, location: 2F 1-2: Strikes out swinging
|
Top of the 2nd over - 1 run, 0 hits, 1 error, 1 left on base; Hartford 1 - Hagerstown 0 |
BOTTOM OF THE 2ND |
Hagerstown Suns batting - Pitching for Hartford Yard Goats : RHP Andrew Ferrell
|
Batting: RHB Bryan Wheeler
|
0-0: Foul Ball, location: 2F 0-1: Ground out 3-1 (Groundball, 34S, EV 93.1 MPH)
|
Batting: RHB Peter Croston
|
0-0: Ball 1-0: Ball 2-0: Ball 3-0: Base on Balls
|
Batting: LHB Vince McLane
|
0-0: Called Strike 0-1: SINGLE (Groundball, 34S, EV 71.2 MPH) (infield hit) Peter Croston to second
|
Batting: RHB Victor Cintron
|
0-0: Foul Ball, location: 2F 0-1: Ball 1-1: Ball 2-1: Ball 3-1: Base on Balls Peter Croston to third Vince McLane to second
|
Batting: RHB Seth Rutz
|
0-0: Ball 1-0: Ball 2-0: Ball 3-0: Base on Balls Peter Croston scores Vince McLane to third Victor Cintron to second
|
Batting: RHB Derek Moran
|
0-0: Fly out, F6 (Line Drive, 56D, EV 71.2 MPH) Lined into DP, 6-4 (Line Drive, 56D, EV 74.4 MPH)
|
Bottom of the 2nd over - 1 run, 1 hit, 0 errors, 2 left on base; Hartford 1 - Hagerstown 1 |
TOP OF THE 3RD |
Hartford Yard Goats batting - Pitching for Hagerstown Suns : RHP Tim Schultz
|
Batting: RHB Chris Rosinsky
|
0-0: Ball 1-0: Ball 2-0: Swinging Strike 2-1: Foul Ball, location: 2F 2-2: Ground out 6-3 (Groundball, 6, EV 85.0 MPH)
|
Batting: SHB Bobby Santor
|
0-0: Ball 1-0: Swinging Strike 1-1: Ball 2-1: Foul Ball, location: 2F 2-2: Ball 3-2: Fly out, F8 (Flyball, 8RXD, EV 102.5 MPH)
|
Batting: LHB Luke Coulter
|
0-0: Called Strike 0-1: Foul Ball, location: 2F 0-2: Foul Ball, location: 2F 0-2: Ball 1-2: Foul Ball, location: 2F 1-2: Reached on error, E4 (Groundball, 4, EV 79.4 MPH)
|
Batting: LHB Barnabé Metrass
|
0-0: Foul Ball, location: 2F 0-1: Called Strike 0-2: Strikes out swinging
|
Top of the 3rd over - 0 runs, 0 hits, 1 error, 1 left on base; Hartford 1 - Hagerstown 1 |
BOTTOM OF THE 3RD |
Hagerstown Suns batting - Pitching for Hartford Yard Goats : RHP Andrew Ferrell
|
Batting: RHB Bobby Bricker
|
0-0: Ball 1-0: Swinging Strike 1-1: Ball 2-1: Ball 3-1: Base on Balls
|
Batting: RHB Leo Gutierrez
|
0-0: Called Strike 0-1: Swinging Strike 0-2: Strikes out swinging
|
Batting: RHB Jesus Malave
|
0-0: Ball 1-0: Called Strike 1-1: Foul Ball, location: 2F 1-2: Foul Ball, location: 2F 1-2: Strikes out swinging
|
Batting: RHB Bryan Wheeler
|
Pickoff Throw to First - Out! 1-3 CS
|
Bottom of the 3rd over - 0 runs, 0 hits, 0 errors, 0 left on base; Hartford 1 - Hagerstown 1 |
TOP OF THE 4TH |
Hartford Yard Goats batting - Pitching for Hagerstown Suns : RHP Tim Schultz
|
Batting: RHB Dave Cordero
|
0-0: Ball 1-0: Ball 2-0: SINGLE (Groundball, 4D, EV 101.9 MPH)
|
Pitching: RHP Salvador Medina
|
|
Batting: LHB Tomoya Hashimoto
|
0-0: Ball 1-0: Fielders Choice at 2nd, 4-6 (Groundball, 34S, EV 91.2 MPH)
|
Batting: RHB Seth Daniel
|
0-0: Ball 1-0: Foul Ball, location: 2F 1-1: Fly out, F8 (Flyball, 8LD, EV 84.4 MPH)
|
Batting: RHB Salvador Avina
|
0-0: Ball 1-0: Called Strike 1-1: Swinging Strike 1-2: Foul Ball, location: 2F 1-2: Ball 2-2: Foul Ball, location: 2F 2-2: Strikes out swinging
|
Top of the 4th over - 0 runs, 1 hit, 0 errors, 1 left on base; Hartford 1 - Hagerstown 1 |
BOTTOM OF THE 4TH |
Hagerstown Suns batting - Pitching for Hartford Yard Goats : RHP Andrew Ferrell
|
Batting: RHB Bryan Wheeler
|
0-0: Ball 1-0: Foul Ball, location: 2F 1-1: Ball 2-1: Ball 3-1: Fly out, F7 (Flyball, 78M, EV 85.6 MPH)
|
Batting: RHB Peter Croston
|
0-0: DOUBLE (Flyball, 8LXD, EV 95.0 MPH)
|
Batting: LHB Vince McLane
|
0-0: Foul Ball, location: 2F 0-1: Fly out, F7 (Flyball, 7S, EV 86.2 MPH)
|
Batting: RHB Victor Cintron
|
0-0: 2-RUN HOME RUN (Flyball, 7LD, EV 94.4 MPH), Distance : 355 ft
|
Batting: RHB Seth Rutz
|
0-0: SINGLE (Line Drive, 89S, EV 101.2 MPH)
|
Batting: RHB Derek Moran
|
0-0: Called Strike 0-1: Ball 1-1: Ball 2-1: Fly out, F3 (Popup, 3SF, EV 81.2 MPH)
|
Bottom of the 4th over - 2 runs, 3 hits, 0 errors, 1 left on base; Hartford 1 - Hagerstown 3 |
TOP OF THE 5TH |
Hartford Yard Goats batting - Pitching for Hagerstown Suns : RHP Salvador Medina
|
Batting: LHB Seung-jun Chang
|
0-0: Ball 1-0: Ball 2-0: Called Strike 2-1: Ball 3-1: Base on Balls
|
Batting: RHB Chris Rosinsky
|
0-0: Ball 1-0: Ball 2-0: Grounds into double play, 4-6-3 (Groundball, 4, EV 78.8 MPH)
|
Batting: SHB Bobby Santor
|
0-0: Ball 1-0: Ball 2-0: Called Strike 2-1: Ground out 1-3 (Groundball, 34S, EV 74.4 MPH)
|
Top of the 5th over - 0 runs, 0 hits, 0 errors, 0 left on base; Hartford 1 - Hagerstown 3 |
BOTTOM OF THE 5TH |
Hagerstown Suns batting - Pitching for Hartford Yard Goats : RHP Andrew Ferrell
|
Batting: RHB Bobby Bricker
|
0-0: Called Strike 0-1: Foul Ball, location: 2F 0-2: Strikes out swinging
|
Batting: RHB Leo Gutierrez
|
0-0: Ball 1-0: Ground out 4-3 (Groundball, 4, EV 86.9 MPH)
|
Batting: RHB Jesus Malave
|
0-0: Called Strike 0-1: Ball 1-1: Ball 2-1: Foul Ball, location: 2F 2-2: Ground out 5-3 (Groundball, 56D, EV 108.8 MPH)
|
Bottom of the 5th over - 0 runs, 0 hits, 0 errors, 0 left on base; Hartford 1 - Hagerstown 3 |
TOP OF THE 6TH |
Hartford Yard Goats batting - Pitching for Hagerstown Suns : RHP Salvador Medina
|
Batting: LHB Luke Coulter
|
0-0: SINGLE (Line Drive, 6D, EV 95.0 MPH)
|
Batting: LHB Barnabé Metrass
|
0-0: Ball 1-0: Ball 2-0: Ball 3-0: Called Strike 3-1: Foul Ball, location: 2F 3-2: Foul Ball, location: 2F 3-2: Foul Ball, location: 2F 3-2: 2-RUN HOME RUN (Flyball, 89XD, EV 112.5 MPH), Distance : 433 ft
|
Batting: RHB Dave Cordero
|
0-0: Called Strike 0-1: Swinging Strike 0-2: Ball 1-2: Foul Ball, location: 2F 1-2: Strikes out looking
|
Batting: LHB Tomoya Hashimoto
|
0-0: Ball 1-0: Called Strike 1-1: Fly out, F9 (Line Drive, 9, EV 99.4 MPH)
|
Pitching: RHP Gilberto Ricalde
|
|
Batting: RHB Seth Daniel
|
0-0: SINGLE (Groundball, 6M, EV 82.5 MPH) (infield hit)
|
Batting: RHB Salvador Avina
|
0-0: Ball 1-0: Ball 2-0: Called Strike 2-1: Foul Ball, location: 2F 2-2: SINGLE (Groundball, 25, EV 67.5 MPH) (infield hit) Seth Daniel to second
|
Batting: LHB Seung-jun Chang
|
0-0: Called Strike 0-1: Ball 1-1: Swinging Strike 1-2: Strikes out swinging
|
Top of the 6th over - 2 runs, 4 hits, 0 errors, 2 left on base; Hartford 3 - Hagerstown 3 |
BOTTOM OF THE 6TH |
Hagerstown Suns batting - Pitching for Hartford Yard Goats : RHP Andrew Ferrell
|
Batting: RHB Bryan Wheeler
|
0-0: SINGLE (Groundball, 5S, EV 68.1 MPH) (infield hit)
|
Batting: RHB Peter Croston
|
0-0: Ball 1-0: Foul Ball, location: 2F 1-1: Ball 2-1: SINGLE (Line Drive, 6M, EV 100.6 MPH) Bryan Wheeler to second
|
Batting: LHB Vince McLane
|
0-0: 3-RUN HOME RUN (Flyball, 9D, EV 95.6 MPH), Distance : 364 ft
|
Pitching: RHP Dane Long
|
|
Batting: RHB Victor Cintron
|
0-0: Ball 1-0: Ball 2-0: SINGLE (Groundball, 23, EV 75.6 MPH) (infield hit)
|
Batting: RHB Seth Rutz
|
0-0: Ball Victor Cintron steals 2nd base 1-0: Ball 2-0: Swinging Strike 2-1: Ball 3-1: Foul Ball, location: 2F 3-2: Base on Balls
|
Batting: RHB Derek Moran
|
0-0: Foul Ball, location: 2F 0-1: Fielders Choice at 2nd, 3-6 (Groundball, 13, EV 83.1 MPH) Victor Cintron to third
|
Batting: RHB Bobby Bricker
|
0-0: Foul Ball, location: 2F 0-1: Called Strike 0-2: Fielders Choice at 2nd, 5-4 (Groundball, 56, EV 85.6 MPH) Victor Cintron scores
|
Batting: RHB Leo Gutierrez
|
0-0: Ball Bobby Bricker steals 2nd, throwing error, E2 Bobby Bricker to third 1-0: Reached on error, E5 (Groundball, 56S, EV 84.4 MPH) Bobby Bricker scores
|
Pitching: RHP Larry Cassano
|
|
Batting: RHB Jesus Malave
|
0-0: Ball Leo Gutierrez is caught stealing 2nd base 2-4
|
Bottom of the 6th over - 5 runs, 4 hits, 2 errors, 0 left on base; Hartford 3 - Hagerstown 8 |
TOP OF THE 7TH |
Hartford Yard Goats batting - Pitching for Hagerstown Suns : RHP Gilberto Ricalde
|
Batting: RHB Chris Rosinsky
|
0-0: Called Strike 0-1: Swinging Strike 0-2: Foul Ball, location: 2F 0-2: Foul Ball, location: 2F 0-2: Strikes out swinging
|
Batting: SHB Bobby Santor
|
0-0: Called Strike 0-1: Ball 1-1: Called Strike 1-2: Strikes out looking
|
Batting: LHB Luke Coulter
|
0-0: SINGLE (Line Drive, 8RS, EV 109.4 MPH)
|
Batting: LHB Barnabé Metrass
|
0-0: Swinging Strike 0-1: Called Strike 0-2: Ball 1-2: Strikes out looking
|
Top of the 7th over - 0 runs, 1 hit, 0 errors, 1 left on base; Hartford 3 - Hagerstown 8 |
BOTTOM OF THE 7TH |
Hagerstown Suns batting - Pitching for Hartford Yard Goats : RHP Larry Cassano
|
Batting: RHB Jesus Malave
|
0-0: Called Strike 0-1: Ball 1-1: Swinging Strike 1-2: Strikes out swinging
|
Batting: RHB Bryan Wheeler
|
0-0: Ball 1-0: Called Strike 1-1: SINGLE (Groundball, 3D, EV 106.9 MPH)
|
Batting: RHB Peter Croston
|
0-0: Ball 1-0: Ball 2-0: Foul Ball, location: 2F 2-1: Ball 3-1: Foul Ball, location: 2F 3-2: Fly out, F9 (Line Drive, 89M, EV 88.8 MPH)
|
Batting: LHB Vince McLane
|
0-0: Ball 1-0: Swinging Strike 1-1: Called Strike 1-2: Foul Ball, location: 2F 1-2: Foul Ball, location: 2F 1-2: Ground out 4-3 (Groundball, 4, EV 101.9 MPH)
|
Bottom of the 7th over - 0 runs, 1 hit, 0 errors, 1 left on base; Hartford 3 - Hagerstown 8 |
TOP OF THE 8TH |
Hartford Yard Goats batting - Pitching for Hagerstown Suns : RHP Gilberto Ricalde
|
Batting: RHB Dave Cordero
|
0-0: Ball 1-0: Called Strike 1-1: Foul Ball, location: 2F 1-2: Strikes out looking
|
Batting: LHB Tomoya Hashimoto
|
0-0: Ball 1-0: Fly out, F7 (Flyball, 7, EV 88.1 MPH)
|
Batting: RHB Seth Daniel
|
0-0: DOUBLE (Line Drive, 89D, EV 101.2 MPH)
|
Batting: RHB Salvador Avina
|
0-0: Ball 1-0: Swinging Strike 1-1: Ball 2-1: Called Strike 2-2: Ball 3-2: Ground out 5-3 (Groundball, 56, EV 92.5 MPH)
|
Top of the 8th over - 0 runs, 1 hit, 0 errors, 1 left on base; Hartford 3 - Hagerstown 8 |
BOTTOM OF THE 8TH |
Hagerstown Suns batting - Pitching for Hartford Yard Goats : RHP Larry Cassano
|
Batting: RHB Victor Cintron
|
0-0: Fly out, F8 (Flyball, 8LD, EV 99.4 MPH)
|
Batting: RHB Seth Rutz
|
0-0: Called Strike 0-1: Ground out 6-3 (Groundball, 6S, EV 85.6 MPH)
|
Pitching: RHP Bruce Charles
|
|
Batting: RHB Derek Moran
|
0-0: Ball 1-0: Swinging Strike 1-1: Swinging Strike 1-2: Foul Ball, location: 2F 1-2: Ball 2-2: Ball 3-2: Foul Ball, location: 2F 3-2: Foul Ball, location: 2F 3-2: Base on Balls
|
Batting: RHB Bobby Bricker
|
0-0: Ball Derek Moran steals 2nd base 1-0: Foul Ball, location: 2F 1-1: Ball 2-1: Ground out 6-3 (Groundball, 6, EV 101.2 MPH)
|
Bottom of the 8th over - 0 runs, 0 hits, 0 errors, 1 left on base; Hartford 3 - Hagerstown 8 |
TOP OF THE 9TH |
Hartford Yard Goats batting - Pitching for Hagerstown Suns : RHP Gilberto Ricalde
|
Batting: LHB Seung-jun Chang
|
0-0: Foul Ball, location: 2F 0-1: Swinging Strike 0-2: Ball 1-2: Foul Ball, location: 2F 1-2: Ball 2-2: Strikes out swinging
|
Pitching: RHP Chris Bonham
|
|
Batting: RHB Chris Rosinsky
|
0-0: Called Strike 0-1: Swinging Strike 0-2: Ball 1-2: Ball 2-2: Foul Ball, location: 2F 2-2: Strikes out looking
|
Batting: SHB Bobby Santor
|
0-0: SINGLE (Groundball, 4MD, EV 103.1 MPH)
|
Batting: LHB Luke Coulter
|
0-0: Swinging Strike 0-1: SINGLE (Line Drive, 8RS, EV 107.5 MPH) Bobby Santor to second
|
Batting: LHB Barnabé Metrass
|
0-0: Ball 1-0: Fly out, F9 (Flyball, 9LS, EV 82.5 MPH)
|
Top of the 9th over - 0 runs, 2 hits, 0 errors, 2 left on base; Hartford 3 - Hagerstown 8 |
|